 Dungeon Crawl Stone Soup version 0.25-a0-829-g4e6a552 (webtiles) character file.

Game seed: 10402996153818177831, levelgen mode: deterministic

2748 Faca the Cleaver (level 9, -1/90 HPs)
             Began as a Deep Dwarf Fighter on Apr 21, 2020.
             Was a Believer of Makhleb.
             Slain by a komodo dragon (26 damage)
             ... on level 8 of the Dungeon.
             The game lasted 00:12:42 (5262 turns).

Faca the Cleaver (Deep Dwarf Fighter)               Turns: 5262, Time: 00:12:43

Health: -1/90      AC: 11    Str: 27    XL:     9   Next: 41%
Magic:  9/9        EV:  7    Int:  9    God:    Makhleb [**....]
Gold:   445        SH:  0    Dex: 12    Spells: 8/8 levels left

rFire    . . .     SeeInvis +   a - +0 war axe
rCold    . . .     Gourm    .   c - +1 kite shield
rNeg     . . .     Faith    .   b - +0 scale mail
rPois    .         Spirit   .   (no helmet)
rElec    .         Reflect  .   q - +2 cloak {MR+}
rCorr    .         Harm     .   g - +0 pair of gloves
MR       ++...                  (no boots)
Stlth    ..........             (no amulet)
HPRegen  0.00/turn              o - +4 ring of strength
MPRegen  0.11/turn              t - ring of see invisible

@: mighty, sleeping, non-regenerating
A: damage resistance, heal wounds, sense surroundings 2, no regeneration
a: Heal Wounds, Minor Destruction, Renounce Religion


You were on level 8 of the Dungeon.
You worshipped Makhleb.
Makhleb was pleased with you.
You were not hungry.

You visited 2 branches of the dungeon, and saw 9 of its levels.

You collected 445 gold pieces.

Inventory:

Hand Weapons
 a - a +0 war axe (weapon)
 z - a +0 flail
Missiles
 i - 9 boomerangs (quivered)
Armour
 b - a +0 scale mail (worn)
 c - a +1 kite shield (worn)
 g - a +0 pair of gloves (worn)
 q - a +2 cloak of magic resistance (worn)
 A - a +0 tower shield
 C - +0 steam dragon scales
Jewellery
 o - a +4 ring of strength (left hand)
 t - a ring of see invisible (right hand)
 v - an uncursed ring of positive energy
Wands
 r - a wand of iceblast (8)
 x - a wand of disintegration (15)
Scrolls
 l - 4 scrolls of remove curse
 s - 2 scrolls of teleportation
 u - a scroll of blinking
 y - a scroll of identify
Potions
 d - 2 potions of might
 e - 4 potions of curing
 h - a potion of ambrosia
 j - a potion of heal wounds
 k - a potion of berserk rage
 m - a potion of stabbing
 n - a potion of flight
 p - 3 potions of lignification
 w - 2 potions of haste
 D - a potion of resistance
Comestibles
 f - 12 rations
 B - 3 chunks of flesh


   Skills:
 + Level 8.9 Fighting
 + Level 10.2 Axes
 - Level 3.2 Armour
 - Level 3.2 Shields


You had 8 spell levels left.
You didn't know any spells.
Your spell library was empty.

Dungeon Overview and Level Annotations

Branches:
Dungeon (8/15)             Temple (1/1) D:4            Lair (0/6) D:8

Altars:
Ashenzari
Cheibriados
Dithmenos
Elyvilon
Fedhas
Gozag
Hepliaklqana
Kikubaaqudgha
Makhleb
Nemelex Xobeh
Okawaru
Qazlal
Ru
Trog
Uskayaw
Vehumet
Wu Jian
Xom
Yredelemnul
Zin
The Shining One

Annotations:
D:6 3 runed translucent doors, adrianfles's ghost, novice GnSu
D:7 Maggie


Innate Abilities, Weirdness & Mutations

You are resistant to damage.
You can heal yourself by infusing magical energy.
You passively map the area around you.
You do not regenerate.


Message History

The komodo dragon closely misses you.
You hit the komodo dragon but do no damage.
The komodo dragon is moderately wounded.
You hit the yak.
The dream sheep ruffle their wool and motes of dream dust sparkle, to no effect.
The yak gores you!
* * * LOW HITPOINT WARNING * * *
The komodo dragon bites you but does no damage.
You feel much better. The yak gores you but does no damage.
The komodo dragon bites you.
You hit the komodo dragon but do no damage.
The komodo dragon is moderately wounded.
You barely miss the yak. The yak closely misses you.
The komodo dragon bites you!
* * * LOW HITPOINT WARNING * * *
You feel very mighty all of a sudden.
The dream sheep shake their wool and sparkle.
You feel drowsy...
You fall asleep.
The yak closely misses you. The komodo dragon bites you!!
You die...

#....####### ,#.....
####.#######+###'''##
#......##.≈P..%..#
####......##P≈≈..P.%#
.......>...#≈≈P.%...#
#####.....##P≈..K...#
## #.......#PP≈YYY≈.#
.....##.########Y####
######..# #.###@#
......######...l.#
####..####.....###
##.##...P.....#
#.#...[..PPPPP#


#.....PPPPPPPP# #....PPPP.lPPP# ##.PPPPP..>.PP# ##PPPPPPP..PP# You could see a
komodo dragon, 2 yaks, a big kobold and 2 dream sheep.

Vanquished Creatures
  A hippogriff (D:7)
  Sigmund (D:5)
  2 steam dragons (D:7)
  An ice beast (D:5)
  2 necrophages
  2 sky beasts
  A centaur (D:5)
  A big kobold (D:8)
  7 bullfrogs (D:6)
  A wyvern skeleton (D:7)
  A centaur zombie (D:6)
  A crimson imp (D:5)
  Crazy Yiuf (D:3)
  A jelly (D:6)
  6 orc priests
  5 hounds
  3 iguanas
  3 orc wizards
  Jessica (D:2)
  4 worker ants
  A killer bee zombie (D:5)
  A hound skeleton (D:7)
  A hound zombie (D:5)
  11 adders
  7 gnolls (D:5)
  2 shadow imps
  2 oozes (D:1)
  An adder skeleton (D:7)
  3 worms
  2 dart slugs (D:1)
  4 leopard geckos
  8 orcs
  10 bats
  12 giant cockroaches
  8 goblins
  7 hobgoblins
  6 jackals
  5 kobolds
  A quokka (D:3)
  4 frilled lizards
  A giant cockroach zombie (D:6)
  A jackal zombie (D:6)
  A leopard gecko zombie (D:5)
  5 rats
  2 fungi (D:7)
151 creatures vanquished.

Vanquished Creatures (others)
  A fungus (D:7)
  2 plants (D:8)
3 creatures vanquished.

Grand Total: 154 creatures vanquished

Notes
Turn   | Place    | Note
-------+----------+-------------------------------------------
     0 | D:1      | Faca the Deep Dwarf Fighter began the quest for the Orb.
     0 | D:1      | Reached XP level 1. HP: 20/20 MP: 1/1
    51 | D:1      | Reached XP level 2. HP: 26/28 MP: 2/2
    70 | D:1      | Reached skill level 3 in Axes
    95 | D:1      | Reached XP level 3. HP: 28/34 MP: 3/3
   660 | D:2      | Noticed Jessica
   663 | D:2      | Killed Jessica
   663 | D:2      | Reached XP level 4. HP: 28/44 MP: 4/4
   732 | D:2      | Reached skill level 4 in Axes
   974 | D:2      | Found a blossoming altar of Fedhas.
  1433 | D:3      | Found a stormy altar of Qazlal.
  1433 | D:3      | Found a snail-covered altar of Cheibriados.
  1433 | D:3      | Found an ancient bone altar of Kikubaaqudgha.
  1454 | D:3      | Noticed a sky beast
  1473 | D:3      | Killed a sky beast
  1473 | D:3      | Reached XP level 5. HP: 38/51 MP: 5/5
  1576 | D:3      | Found a runed translucent door.
  1577 | D:3      | Noticed Crazy Yiuf
  1726 | D:3      | Killed Crazy Yiuf
  1726 | D:3      | Reached skill level 5 in Axes
  1811 | D:4      | Reached XP level 6. HP: 21/60 MP: 6/6
  1816 | D:4      | Found a staircase to the Ecumenical Temple.
  1823 | Temple   | Entered the Ecumenical Temple
  2135 | D:4      | Found a glowing golden altar of the Shining One.
  2209 | D:4      | Found a burning altar of Makhleb.
  2214 | D:4      | Became a worshipper of Makhleb the Destroyer
  2305 | D:4      | Reached skill level 5 in Fighting
  2657 | D:5      | Entered Level 5 of the Dungeon
  2673 | D:5      | Found a shattered altar of Ashenzari.
  2740 | D:5      | Reached skill level 6 in Axes
  2754 | D:5      | Noticed an ice beast
  2756 | D:5      | Reached XP level 7. HP: 45/67 MP: 7/7
  2876 | D:5      | Reached * piety under Makhleb
  2938 | D:5      | Found a sacrificial altar of Ru.
  2944 | D:5      | Noticed Sigmund
  2954 | D:5      | Killed Sigmund
  2954 | D:5      | Reached skill level 7 in Axes
  3211 | D:5      | Reached XP level 8. HP: 41/78 MP: 8/8
  3416 | D:6      | Found a runed translucent gate.
  3416 | D:6      | Found a runed translucent gate.
  3416 | D:6      | Found a runed translucent gate.
  3462 | D:6      | Noticed adrianfles's ghost (novice GnSu)
  3543 | D:6      | Reached skill level 8 in Axes
  3729 | D:6      | Reached skill level 9 in Axes
  4143 | D:7      | Noticed a hippogriff
  4157 | D:7      | Killed a hippogriff
  4157 | D:7      | Reached ** piety under Makhleb
  4157 | D:7      | Gained mutation: You passively map the area around you.
                  | [Deep Dwarf growth]
  4157 | D:7      | Reached XP level 9. HP: 68/88 MP: 9/9
  4301 | D:7      | Noticed Maggie
  5048 | D:7      | Reached skill level 10 in Axes
  5225 | D:8      | Found a staircase to the Lair.
  5226 | D:8      | Noticed a komodo dragon
  5262 | D:8      | Slain by a komodo dragon

Levels and vault maps discovered:
D:1:      saegor_arrival_simple_d, layout_rooms, st_stairs_11
D:2:      layout_basic, fedhas_altar_1, uniq_jessica
D:3:      layout_rooms, gammafunk_temple_overflow_forgotten,
          uniq_crazy_yiuf_cottage
D:4:      cheibrodos_old_hovel, layout_loops_ring, tso_oasis_becter,
          marbit_many_paths, temple_green, first_ration
D:5:      layout_loops_ring, nicolae_ru_sacrificial_ziggurat,
          nicolae_overflow_crystal_walls, uniq_sigmund
D:6:      layout_basic, gammafunk_ghost_icy, minmay_fractal_squares_diagonal_5
D:7:      kennysheep_steamy, layout_basic, uniq_maggie
D:8:      layout_loops_ring, kennysheep_mini_moat, david_lair_shrubbed,
          serial_shops, shop, serial_co_window_serial, co_window_paths_a,
          co_window_paths_b, co_window_paths_a, co_window_paths_a,
          co_window_paths_b, co_window_paths_a, co_window_of_opportunity_a,
          co_window_corner_cb, co_window_unsneaky_path_d, co_window_corner_b,
          co_window_broadway_b, co_window_unsneaky_path_b, glass_columns_a,
          glass_columns_b, glass_columns_b, glass_columns_a, hangedman_ranch
          [blue_anna_fruit_fields], david_defended_altar_elf, uniq_maurice
Temple:   dpeg_chambers_temple

Skill      XL: |  1  2  3  4  5  6  7  8  9 |
---------------+----------------------------+-----
Fighting       | 3 4 5 6 8 |  8.9
Axes           | 3 4 5 6 7 9 10 | 10.2
Armour         | |  3.2
Shields        | |  3.2

Action                   |  1- 3 |  4- 6 |  7- 9 || total
-------------------------+-------+-------+-------++-------
Melee: War axe           |    74 |   222 |   288 ||   584
Throw: Boomerang         |       |       |     7 ||     7
 Abil: Heal Wounds       |       |     2 |     5 ||     7
Evoke: Wand              |       |       |     1 ||     1
  Use: Scroll            |     3 |    10 |     5 ||    18
       Potion            |       |     1 |     3 ||     4
  Eat: Chunk             |       |     7 |     8 ||    15
Armor: Scale mail        |    33 |   105 |   136 ||   274
Dodge: Dodged            |    25 |    68 |    91 ||   184
Block: Kite shield       |    41 |   140 |   140 ||   321

Table legend:
 A = Non-vault XP
 B = Vault XP
 C = Vault XP percentage of total XP
 D = Non-vault monster count
 E = Vault monster count
 F = Vault count percentage of total count
                 A         B        C        D         E       F
            +---------+---------+-------+---------+---------+-------
      Total |    2788 |    1138 |  29.0 |     134 |      15 |  10.1
            +---------+---------+-------+---------+---------+-------
        D:1 |      55 |      11 |  16.7 |      24 |       3 |  11.1
        D:2 |      65 |      37 |  36.3 |      20 |       1 |   4.8
        D:3 |     165 |      44 |  21.1 |      18 |       1 |   5.3
        D:4 |     197 |      44 |  18.3 |       8 |       2 |  20.0
        D:5 |     598 |     238 |  28.5 |      26 |       1 |   3.7
        D:6 |     936 |     354 |  27.4 |      21 |       4 |  16.0
        D:7 |     650 |     313 |  32.5 |      15 |       2 |  11.8
        D:8 |     122 |      97 |  44.3 |       2 |       1 |  33.3
            +---------+---------+-------+---------+---------+-------
